 Dungeon Crawl Stone Soup version 0.29.1-15-g9cfb28693d (webtiles) character file.

Game seed: 7862670364525127686

38 NamelessAdventurer the Gusty (level 3, -1/23 HPs)
             Began as a Draconian Air Elementalist on Apr 12, 2023.
             Slain by a goblin
             ... wielding a +0 club
              (3 damage)
             ... on level 1 of the Dungeon.
             The game lasted 00:06:07 (1728 turns).

NamelessAdventurer the Gusty (DrAE)                 Turns: 1728, Time: 00:06:09

Health: -1/23      AC:  5    Str: 10 (12) XL:     3   Next: 25%
Magic:  0/6        EV: 12    Int: 14 (15) God:
Gold:   28         SH:  0    Dex:  8 (11) Spells: 1/6 levels left

rFire   . . .      SeeInvis .   b - +2 bardiche (flame)
rCold   . . .      Faith    .   (shield currently unavailable)
rNeg    . . .      Spirit   +   (body armour unavailable)
rPois   .          Reflect  .   (helmet restricted)
rElec   .          Harm     .   (no cloak)
rCorr   .          Rampage  .   (no gloves)
Will    .....                   (no boots)
Stlth   ++........              a - amulet of guardian spirit
HPRegen 0.07/turn               (no ring)
MPRegen 0.10/turn               (no ring)

@: attractive
A: AC +5, unfitting armour, cold-blooded, frail 1, mutation resistance 1
a: no special abilities


You were on level 1 of the Dungeon.
You visited 1 branch of the dungeon, and saw 1 of its levels.

You collected 28 gold pieces.

Inventory:

Hand Weapons
 b - a +2 bardiche of flaming (weapon)
Jewellery
 a - an amulet of guardian spirit (around neck)


   Skills:
 * Level 0.2 Fighting
 * Level 2.0 Dodging
 * Level 2.0 Stealth
 * Level 2.3 Spellcasting
 * Level 1.3 Conjurations
 * Level 0.1 Summonings
 * Level 3.5 Air Magic


You had one spell level left.
You knew the following spells:

 Your Spells              Type           Power      Damage    Failure   Level
a - Shock                 Conj/Air       32%        1d5       9%          1
b - Static Discharge      Conj/Air       8%         3-4/arc   13%         2
c - Call Imp              Summ           2%         N/A       32%         2

Your spell library contained the following spells:

 Spells                   Type           Power      Damage    Failure   Level
 Magic Dart               Conj           20%        1d4       13%         1
 Swiftness                Air            11%        N/A       16%         3
 Mephitic Cloud           Conj/Pois/Air  6%         N/A       34%         3
 Airstrike                Air            5%         2d(1-17)  47%         4


Dungeon Overview and Level Annotations

Branches:
Dungeon (1/15)

Altars:


Innate Abilities, Weirdness & Mutations

Your plain brown scales are hard. (AC +5)
You cannot fit into any form of body armour.
You are cold-blooded and may be slowed by cold attacks.
You are frail. (-10% HP)
You are somewhat resistant to further mutation.


Message History

Press: ? - help, Shift-Dir - straight line The zap misses the goblin.
The zap hits the jackal.
The jackal is heavily wounded.
The goblin barely misses you.
Unknown command.
It was a potion of degeneration.
There was something very wrong with that liquid.
You feel weakened.
You feel dopey.
You feel clumsy.
The jackal bites you but does no damage.
The goblin barely misses you.
It was a potion of mutation.
You feel extremely strange.
You feel frail.
You feel genetically stable. The jackal completely misses you.
The goblin barely misses you.
The jackal bites you but does no damage.
It was a potion of attraction.
You feel attractive to monsters. The jackal misses you. The goblin misses you.
You aren't carrying any potions.
As you read the scroll labelled JONIMPI GAOCK, it crumbles to dust.
It is a scroll of identify.
You don't have any unidentified items.
The jackal closely misses you. The goblin hits you but does no damage.
The jackal barely misses you.
You aren't carrying any scrolls.
Unknown command.
You barely miss the goblin.
Your tail-slap misses the goblin.
The goblin is moderately wounded.
The jackal bites you but does no damage.
The goblin barely misses you. The jackal closely misses you.
The goblin hits you with a +0 club.
* * * LOW HITPOINT WARNING * * *
Unknown command.
You barely miss the goblin.
The goblin is moderately wounded.
The jackal bites you but does no damage.
The jackal bites you.
* * * LOW HITPOINT WARNING * * *
The goblin barely misses you. The jackal closely misses you.
The goblin hits you with a +0 club.
You die...

##...#*** *,* #..### #.# #.##
******#.# #'# *,,,,,..# #.#
*,****#.#
#'##############.########
..........#.............#*****
#######.#.#*##...g.......,,,,*
.....#.##.# #...@h#.#**,****,*
#+###.#,#.###.#.....# *,* *,*
....#.#,#.#......#### *,* *,*
....#.#,#.###.#..# *,* *,*
.<..'.#,#.+,+.#..######.#* *,*
....#.#,#.#*###..........* *,*
....#.#,#.# ##.....###.#,***,*
#+###.#,#.###..........#,,,*,*
.....#.##.##.........###**,,,*


You could see a jackal and a goblin.

Vanquished Creatures
  2 dart slugs (D:1)
  3 endoplasms (D:1)
  4 goblins (D:1)
  5 hobgoblins (D:1)
  6 jackals (D:1)
  3 quokkas (D:1)
  A ball python (D:1)
  A bat (D:1)
  A frilled lizard (D:1)
  3 kobolds (D:1)
29 creatures vanquished.

Notes
Turn   | Place    | Note
-------+----------+-------------------------------------------
     0 | D:1      | NamelessAdventurer the Draconian Air Elementalist began the
                  | quest for the Orb.
     0 | D:1      | Reached XP level 1. HP: 14/14 MP: 3/3
   410 | D:1      | Reached XP level 2. HP: 20/20 MP: 1/5
   413 | D:1      | Learned a level 2 spell: Static Discharge
   416 | D:1      | Learned a level 2 spell: Call Imp
   779 | D:1      | Identified a scroll of acquirement
   779 | D:1      | Acquired a +2 bardiche of flaming
  1607 | D:1      | Reached XP level 3. HP: 26/26 MP: 3/6
  1724 | D:1      | Gained mutation: You are frail. (-10% HP) [potion of
                  | mutation]
  1724 | D:1      | Gained mutation: You are somewhat resistant to further
                  | mutation. [potion of mutation]
  1728 | D:1      | Slain by a goblin

Illustrated notes

Levels and vault maps discovered:
D:1:      matt_arrival_los_fun, layout_loops_corners, moated_statue,
          patterned_corridor

Skill      XL: |  1  2 |
---------------+-------+-----
Stealth        | 2 |  2.0
Dodging        | 2 |  2.0
Fighting       | |  0.2
Spellcasting   | |  2.3
Conjurations   | |  1.3
Summonings     | |  0.1
Air Magic      | |  3.5

Action                   || total
-------------------------++-------
Melee: Bardiche          ||    32
       Tailslap          ||     2
 Cast: Shock             ||    16
       Static Discharge  ||    13
  Use: Scroll            ||     5
       Potion            ||     4
 Stab: Sleeping          ||     3
Armor: Skin              ||    46
Dodge: Dodged            ||    93
